 Dungeon Crawl Stone Soup version 0.21-a0-521-g1cd18d1 (webtiles) character file.

165 Laiders the Digger (level 5, -10/28 HPs)
             Began as a Gargoyle Earth Elementalist on Dec 5, 2017.
             Killed by divine providence
             ... invoked by an orc priest
              (11 damage)
             ... on level 4 of the Dungeon.
             The game lasted 00:11:28 (3440 turns).

Laiders the Digger (Gargoyle Earth Elementalist)    Turns: 3440, Time: 00:11:29

Health: -10/28     AC:  7    Str: 12    XL:     5   Next: 46%
Magic:  7/10       EV: 12    Int: 16    God:
Gold:   181        SH:  0    Dex: 10    Spells: 2/11 levels left

rFire    . . .     SeeInvis .   j - +0 short sword
rCold    . . .     Gourm    .   (no shield)
rNeg     + . .     Faith    .   c - +0 robe
rPois    ∞         Spirit   .   (no helmet)
rElec    +         Reflect  .   (no cloak)
rCorr    .         Harm     .   i - +0 pair of gloves
MR       .....                  (no boots)
Stlth    ++........             (no amulet)
HPRegen  0.09/turn              (no ring)
MPRegen  0.12/turn              (no ring)

@: no status effects
A: negative energy resistance 1, electricity resistance, unbreathing,
petrification resistance, rot immunity, AC +4
a: no special abilities


You were on level 4 of the Dungeon.
You were hungry.

You visited 1 branch of the dungeon, and saw 4 of its levels.

You collected 181 gold pieces.

Inventory:

Hand Weapons
 j - a +0 short sword (weapon)
Missiles
 b - 56 stones (quivered)
Armour
 c - a +0 robe (worn)
 i - a +0 pair of gloves (worn)
Scrolls
 k - a scroll of magic mapping {unknown}
 l - a scroll of teleportation
 m - a scroll of immolation {unknown}
 n - a scroll of fog {unknown}
 o - a scroll of remove curse {unknown}
 p - a scroll of fear {unknown}
Potions
 a - a potion of brilliance {unknown}
 f - 2 potions of curing
 g - a potion of agility {unknown}
 r - 2 potions of might
Books
 e - a book of Geomancy

   Spells                             Type                      Level
   a - Sandblast                      Earth                        1
   b - Passwall                       Transmutation/Earth          2
   c - Stone Arrow                    Conjuration/Earth            3
   d - Petrify                        Transmutation/Earth          4
   e - Lee's Rapid Deconstruction     Earth                        5
Comestibles
 d - 2 bread rations
 h - a meat ration
 q - a royal jelly
 s - 6 chunks of flesh


   Skills:
 - Level 1.5 Dodging
 - Level 2.1 Stealth
 + Level 3.8 Spellcasting
   Level 0.7 Transmutations
 + Level 5.7 Earth Magic


You had 2 spell levels left.
You knew the following spells:

 Your Spells              Type           Power        Failure   Level  Hunger
a - Sandblast             Erth           ###...       1%          1    None
b - Stone Arrow           Conj/Erth      ##....       16%         3    ###....
c - Lee's Rapid Deconstr  Erth           ###.......   41%         5    ######.


Dungeon Overview and Level Annotations

Branches:
Dungeon (4/15)
 Temple: D:4-7

Altars:
Ashenzari

Shops:
D:4 [


Innate Abilities, Weirdness & Mutations

You are resistant to torment.
Your stone body is resilient. (AC +4)
You are immune to poison.
You resist negative energy. (rN+)
You are resistant to electric shocks. (rElec)
You can survive without breathing.
You are immune to petrification.
You are immune to rotting.


Message History

The orc priest mumbles some strange prayers to Beogh against you.
Beogh smites you!
* * * LOW HITPOINT WARNING * * *
The leopard gecko bites you.
* * * LOW HITPOINT WARNING * * *
You hear a shout! x2
You miss the leopard gecko. The leopard gecko closely misses you.
Okay, then.
Casting: Sandblast
Confirm with . or Enter, or press ? or * to list all spells.
Aiming: Stone Arrow
Press: ? - help, Shift-Dir - straight line, f - orc priest
Aim: an orc priest, wielding a short sword The stone arrow hits the leopard gecko.
The leopard gecko is severely wounded.
You hear a shout!
The leopard gecko bites you but does no damage.
The orc priest invokes the aid of Beogh against you.
Beogh smites you!
You die...

... #.#.# ...
#.#.#
############.#.#
.......<..#.#
###########.#
#..<.......#
#.####.###.# #.#
#.# #o #@# #.#
##...##l# #.#
.......o# #.#
..............#
..!.....∩...###
.......?###.#
......... #
.#####..# #...


You could see an orc priest and a leopard gecko.

Vanquished Creatures
  A scorpion (D:3)
  4 adders
  2 worms
  4 leopard geckos
  6 orcs (D:3)
  4 ball pythons
  6 bats
  2 giant cockroaches
  7 hobgoblins
  2 jackals (D:1)
  A quokka (D:2)
  6 frilled lizards
  4 goblins
  6 kobolds
  A leopard gecko skeleton (D:4)
  9 rats
65 creatures vanquished.

Notes
Turn   | Place    | Note
-------+----------+-------------------------------------------
     0 | D:1      | Laiders the Gargoyle Earth Elementalist began the quest for the Orb.
     0 | D:1      | Reached XP level 1. HP: 10/10 MP: 3/3
   341 | D:1      | Reached XP level 2. HP: 15/15 MP: 3/5
   517 | D:1      | Reached skill level 4 in Earth Magic
   920 | D:2      | Reached XP level 3. HP: 19/19 MP: 5/7
  1142 | D:2      | Learned a level 3 spell: Stone Arrow
  1296 | D:2      | Reached XP level 4. HP: 17/24 MP: 0/8
  1710 | D:2      | Reached skill level 5 in Earth Magic
  2476 | D:3      | Found a shattered altar of Ashenzari.
  2930 | D:3      | Found a shattered altar of Ashenzari.
  3177 | D:3      | Reached XP level 5. HP: 22/28 MP: 0/10
  3262 | D:3      | Learned a level 5 spell: Lee's Rapid Deconstruction
  3427 | D:4      | Found Dimm's Armour Shop.
  3438 | D:4      | HP: 1/28 [leopard gecko (3)]
  3440 | D:4      | Killed from afar by an orc priest

Vault maps used:
D:1:      mrwooster_arrival_arrow
D:2:      first_bread
D:3:      overflow_temple_1_default, minmay_stone_trees_small,
          evilmike_ruin_ashenzari
D:4:      minmay_overflow_temple_star_quad, lemuel_coloured_pillars_altar,
          minmay_temple_entry_statues, serial_shops, shop

Skill      XL: |  1  2  3  4 |
---------------+-------------+-----
Earth Magic    | 4 5 |  5.7
Spellcasting   | 3 |  3.8
Dodging        | |  1.5
Stealth        | |  2.1
Transmutations | |  0.7

Action                   |  1- 3 |  4- 6 || total
-------------------------+-------+-------++-------
Melee: Unarmed           |    15 |       ||    15
       Club              |    11 |       ||    11
       Short sword       |    79 |   109 ||   188
 Cast: Sandblast         |    17 |    15 ||    32
       Stone Arrow       |     2 |     8 ||    10
  Use: Scroll            |       |     3 ||     3
 Stab: Sleeping          |       |     2 ||     2
  Eat: Chunk             |     2 |     7 ||     9
Armor: Robe              |    52 |    62 ||   114
Dodge: Dodged            |    82 |    99 ||   181

Table legend:
 A = Spawn XP
 B = Non-spawn XP
 C = Spawn XP percentage of total XP
 D = Spawn monster count
 E = Non-spawn monster count
 F = Spawn count percentage of total count
 G = Total turns spent on level
                    A         B        C        D         E        F      G
               +---------+---------+-------+---------+---------+-------+---------
         Total |       0 |     237 |   0.0 |       0 |      65 |   0.0 |  3440
               +---------+---------+-------+---------+---------+-------+---------
           D:1 |       0 |      23 |   0.0 |       0 |      12 |   0.0 |   906
           D:2 |       0 |      87 |   0.0 |       0 |      30 |   0.0 |  1181
           D:3 |       0 |     126 |   0.0 |       0 |      22 |   0.0 |  1283
           D:4 |       0 |       1 |   0.0 |       0 |       1 |   0.0 |    70
               +---------+---------+-------+---------+---------+-------+---------
